 Dungeon Crawl Stone Soup version 0.27-b1-23-g44b8eac545 (webtiles) character file.

Game seed: 17962984290780024995

22 pikapanic the Skirmisher (level 2, -2/25 HPs)
             Began as a Palentonga Fighter on July 27, 2021.
             Slain by a gnoll (4 damage)
             ... on level 1 of the Dungeon.
             The game lasted 00:02:06 (809 turns).

pikapanic the Skirmisher (Palentonga Fighter)        Turns: 809, Time: 00:02:06

Health: -2/25      AC:  6    Str: 19    XL:     2   Next: 68%
Magic:  2/2        EV:  5    Int:  8    God:
Gold:   0          SH:  8    Dex:  9    Spells: 1/1 levels left

rFire    . . .     SeeInvis +   a - +0 war axe
rCold    . . .     Faith    .   c - +0 kite shield
rNeg     . . .     Spirit   .   b - +0 scale mail
rPois    .         Reflect  .   (no helmet)
rElec    .         Harm     .   (no cloak)
rCorr    .         Rampage  .   (no gloves)
Will     .....                  (no barding)
Stlth    ..........             (no amulet)
HPRegen  0.08/turn              (no ring)
MPRegen  0.08/turn              (no ring)

@: no status effects
A: large, rugged brown scales 3, see invisible, deformed body, roll 1, armoured
tail
a: Rolling Charge


You were on level 1 of the Dungeon.
You visited 1 branch of the dungeon, and saw 1 of its levels.

Inventory:

Hand Weapons
 a - a +0 war axe (weapon)
Armour
 b - a +0 scale mail (worn)
 c - a +0 kite shield (worn)
Potions
 d - a potion of might


   Skills:
 + Level 3.2 Fighting
 + Level 2.3 Axes
 + Level 2.6 Armour
 + Level 2.7 Shields


You had one spell level left.
You didn't know any spells.
Your spell library was empty.

Dungeon Overview and Level Annotations

Branches:
Dungeon (1/15)

Altars:


Innate Abilities, Weirdness & Mutations

You are completely covered in rugged brown scales. (AC +3, +7% HP)
You have supernaturally acute eyesight. (SInv)
Armour fits poorly on your strangely shaped body.
You can roll at nearby foes to attack.
You have a long armoured tail.


Message History

The fungus is lightly damaged.
Roll where?
Press: ? - help, Dir - move target, f - quokka
Aim: a quokka You roll forward with a clatter of scales!
You miss the quokka.
Your tail-slap misses the quokka.
You hit the fungus.
The fungus begins to die.
You hit the fungus.
You hear a shout! x2
The quokka bites you.
The quokka bites you but does no damage.
Your scale mail prevents you from hitting the quokka.
You hit the fungus but do no damage. You slash the fungus!
A nearby fungus withers and dies.
The quokka barely misses you.
A quokka comes into view.
A goblin comes into view. It is wielding a +0 club.
The quokka barely misses you.
You closely miss the quokka.
The goblin shouts!
Your tail-slap misses the quokka.
You slash the fungus! The quokka bites you.
The quokka bites you but does no damage.
You barely miss the quokka.
Your scale mail prevents you from hitting the quokka.
You slash the fungus!
A nearby fungus withers and dies.
You block the quokka's attack.
A goblin comes into view. It is wielding a +0 club.
The quokka bites you but does no damage.
The quokka bites you. You block the quokka's attack. The quokka bites you.
You block the goblin's attack. You block the quokka's attack.
A gnoll comes into view. It is wielding a +0 flail.
The gnoll shouts!
You closely miss the gnoll.
Your shield prevents you from hitting the quokka.
The quokka bites you. The gnoll hits you with a +0 flail!
* * * LOW HITPOINT WARNING * * *
You block the quokka's attack. The gnoll hits you with a +0 flail.
* * * LOW HITPOINT WARNING * * *
You barely miss the gnoll. You hit the quokka. The quokka barely misses you.
The gnoll hits you with a +0 flail.
You die...

.############ #.#
#.. (# #.# ##. .#
..# .. .# #
§############# .#
.............##.# #
...######......#
##.#.## ≈..#
#........###.>.....
≈.## #.##....###@#
#.. ≈.# #
##..#.gr#g......
≈.# #.##..g##.##..#
≈.# ##....r.!##
≈..# #P......# ≈...
#.......# ≈.#
#.P.P.....# §..
#.P.....P.# ≈..
#.........#


You could see a gnoll, 2 quokkas and 2 goblins.

Vanquished Creatures
  A dart slug (D:1)
  3 endoplasms (D:1)
  3 goblins (D:1)
  2 hobgoblins (D:1)
  2 quokkas (D:1)
  3 ball pythons (D:1)
  A bat (D:1)
  A frilled lizard (D:1)
  A kobold (D:1)
  2 rats (D:1)
19 creatures vanquished.

Vanquished Creatures (others)
  6 fungi (D:1)
  3 plants (D:1)
9 creatures vanquished.

Grand Total: 28 creatures vanquished

Notes
Turn   | Place    | Note
-------+----------+-------------------------------------------
     0 | D:1      | pikapanic the Palentonga Fighter began the quest for the
                  | Orb.
     0 | D:1      | Reached XP level 1. HP: 19/19 MP: 1/1
   276 | D:1      | Reached XP level 2. HP: 21/25 MP: 2/2
   797 | D:1      | Found a faded altar of an unknown god.
   809 | D:1      | Slain by a gnoll

Illustrated notes

Levels and vault maps discovered:
D:1:      ebering_trefoil_twist, layout_loops_ring,
          shapermc_ecumenical_altar_gd, chequers_serial_rivers_micro_a

Action                   || total
-------------------------++-------
Melee: War axe           ||    71
       Tailslap          ||     1
 Abil: Rolling Charge    ||    13
  Use: Scroll            ||     1
Armor: Scale mail        ||    43
Dodge: Dodged            ||    15
Block: Kite shield       ||    40
